Map: 锈化山巅-天梯版

Players

iGMacSed (MacSed)

  • Race: Protoss Protoss
  • League: Grandmaster

iGXY (XY) - Winner!

  • Race: Terran Terran

Event: DreamHack SC2 Masters 2021 Fall

VOD

Have the link to the VOD?

Description

Time

  • Played on: Aug. 5, 2021, 8:55 a.m.
  • Length: 9:03

All games in this series

Show
View Real Time Build Order
Export as new Build Order

iGMacSed Protoss 

Build Orders: 1 Gate Expand, Blink Stalkers 

Get SALT Encoding   

  12  0:00  Probe  
  13  0:12  Probe  
  14  0:17  Pylon  
  14  0:24  Probe (Chrono Boost)  
  15  0:36  Probe (Chrono Boost)  
  15  0:37  Gateway  
  16  0:44  Probe (Chrono Boost)  
  16  0:46  Assimilator  
  17  0:50  Probe  
  18  1:03  Probe  
  19  1:15  Probe  
  20  1:24  Cybernetics Core  
  20  1:33  Nexus  
  20  1:40  Pylon  
  20  1:44  Probe  
  21  1:49  Assimilator  
  21  1:56  Probe  
  21  1:58  Adept (Chrono Boost)  
  24  2:02  Warp Gate  
  24  2:08  Probe  
  25  2:20  Probe (Chrono Boost)  
  25  2:22  Twilight Council  
  26  2:31  Stalker  
  26  2:32  Probe (Chrono Boost)  
  29  2:37  Probe (Chrono Boost)  
  30  2:45  Probe (Chrono Boost)  
  32  2:52  Probe (Chrono Boost)  
  32  2:54  Probe (Chrono Boost)  
  32  2:56  Gateway  
  33  2:59  Probe x2 (Chrono Boost)  
  33  3:00  Blink (Chrono Boost)  
  35  3:10  Probe  
  35  3:11  Probe  
  37  3:17  Robotics Facility  
  37  3:23  Probe x2  
  39  3:31  Gateway  
  39  3:36  Gateway  
  39  3:37  Probe  
  39  3:38  Probe  
  41  3:46  Pylon  
  41  3:51  Stalker x2  
  41  3:53  Probe  
  46  3:59  Pylon  
  46  4:01  Assimilator  
  46  4:04  Probe  
  46  4:05  Observer  
  46  4:07  Probe  
  49  4:14  Stalker x2  
  53  4:18  Probe  
  53  4:19  Probe  
  53  4:20  Pylon  
  53  4:23  Assimilator  
  55  4:30  Probe  
  56  4:44  Stalker x3, Probe  
  62  4:46  Stalker  
  64  4:54  Observer, Warp Prism  
  64  4:57  Probe  
  64  4:59  Probe  
  68  5:14  Forge, Robotics Bay  
  68  5:18  Probe  
  69  5:23  Stalker  
  69  5:24  Pylon  
  67  5:31  Probe  
  66  5:37  Stalker  
  66  5:38  Charge (Chrono Boost)  
  69  5:45  Nexus  
  69  5:49  Probe  
  69  5:50  Probe  
  69  5:53  Protoss Ground Weapons Level 1  
  70  6:02  Probe  
  71  6:07  Colossus (Chrono Boost)  
  76  6:22  Probe x2  
  76  6:23  Extended Thermal Lance (Chrono Boost)  
  76  6:24  Pylon  
  78  6:30  Pylon  
  78  6:32  Pylon  
  78  6:50  Colossus (Chrono Boost)  
  78  6:52  Pylon  
  78  6:53  Probe  
  85  7:00  Pylon, Zealot x4  
  93  7:08  Gateway  
  93  7:09  Gateway  
  93  7:13  Gateway  
  93  7:15  Gateway  
  93  7:20  Shield Battery  
  75  7:30  Stalker x3  
  69  7:41  Colossus (Chrono Boost)  
  69  7:43  Stalker  
  66  7:56  Stalker x3  
  58  8:03  Stalker x2  
  62  8:12  Stalker x2  
  65  8:16  Stalker  
  67  8:20  Zealot  
  67  8:22  Zealot  
  61  8:35  Zealot x3  
  61  8:36  Zealot  
  65  8:41  Dark Shrine  
Show
View Real Time Build Order
Export as new Build Order

iGXY Terran - Winner!

Build Orders:  

Get SALT Encoding   

  12  0:00  SCV  
  13  0:12  SCV  
  14  0:17  Supply Depot  
  14  0:24  SCV  
  15  0:38  SCV  
  15  0:39  Barracks  
  16  0:43  Refinery  
  16  0:50  SCV  
  17  1:03  SCV  
  18  1:15  SCV  
  19  1:26  Marine  
  19  1:27  Orbital Command  
  20  1:39  Command Center  
  20  1:44  Barracks Reactor  
  20  1:54  SCV, Supply Depot  
  21  2:06  SCV  
  21  2:08  Factory  
  22  2:16  Refinery  
  22  2:18  SCV  
  22  2:20  Marine x2  
  25  2:30  SCV  
  26  2:38  Marine x2  
  26  2:42  SCV  
  29  2:51  Starport  
  29  2:52  Widow Mine  
  29  2:53  Orbital Command  
  29  2:54  SCV  
  32  3:03  Marine x2  
  34  3:06  SCV  
  35  3:13  Widow Mine  
  35  3:15  Supply Depot  
  35  3:18  SCV  
  35  3:19  SCV  
  39  3:21  Marine  
  39  3:22  Marine  
  41  3:29  Medivac  
  43  3:35  Widow Mine  
  43  3:36  SCV  
  43  3:39  Supply Depot, SCV  
  47  3:42  Marine x2  
  47  3:48  SCV  
  50  3:51  SCV  
  50  3:53  Barracks  
  51  3:59  Factory Tech Lab  
  51  4:02  Marine x2, Supply Depot  
  53  4:04  SCV x2, Starport Tech Lab  
  55  4:14  Engineering Bay  
  55  4:16  SCV x2  
  57  4:19  Marine  
  57  4:20  Marine  
  57  4:22  Raven  
  61  4:25  Supply Depot  
  61  4:28  SCV  
  62  4:37  Marine x2  
  62  4:43  Siege Tank  
  64  4:47  SCV x2  
  64  4:49  Barracks Tech Lab  
  64  4:51  Barracks  
  63  4:55  Marine  
  63  4:59  Refinery, SCV x2  
  66  5:01  Refinery, Marine  
  66  5:11  SCV  
  66  5:13  Marine, Starport Reactor  
  66  5:14  SCV  
  67  5:16  Siege Tank  
  67  5:20  Terran Infantry Weapons Level 1  
  70  5:23  Marine, SCV  
  70  5:24  Marine  
  70  5:26  SCV  
  74  5:31  Marine  
  74  5:35  SCV  
  75  5:39  Stimpack  
  75  5:40  Supply Depot  
  75  5:41  Marine x2  
  77  5:44  SCV  
  77  5:47  Combat Shield  
  78  5:50  Supply Depot  
  78  5:52  Supply Depot  
  78  6:01  Marine x2, SCV, Medivac  
  78  6:02  Marauder  
  85  6:07  Marauder  
  85  6:08  SCV  
  84  6:12  Siege Tank  
  84  6:13  SCV  
  84  6:16  Command Center  
  88  6:19  Marine x2  
  88  6:20  SCV, Supply Depot  
  88  6:21  Supply Depot  
  88  6:23  Marine  
  92  6:27  Marine, SCV  
  92  6:30  Medivac  
  92  6:32  SCV  
  97  6:37  Marine  
  99  6:40  SCV  
  99  6:44  SCV, Siege Tank, Supply Depot  
  105  6:48  Marauder  
  105  6:51  Marine  
  105  6:52  Marine, SCV  
  108  6:54  Marine  
  108  6:57  Supply Depot  
  104  7:07  Barracks  
  104  7:08  Barracks  
  104  7:09  Marine x3  
  104  7:13  SCV x2  
  109  7:19  Siege Tank  
  109  7:29  Marine x2, Marauder x2  
  99  7:33  SCV x2  
  99  7:43  SCV  
  91  7:45  SCV  
  91  7:46  Orbital Command  
  91  7:48  Medivac x2  
  95  7:51  Siege Tank  
  95  7:53  Supply Depot  
  95  7:57  SCV  
  96  7:59  Marine x2, Marauder x2  
  96  8:01  Barracks Tech Lab  
  96  8:02  Barracks Reactor  
  96  8:03  SCV  
  102  8:07  Supply Depot  
  102  8:09  SCV  
  102  8:10  Orbital Command  
  103  8:18  Medivac x2  
  107  8:20  Marine x2, Marauder  
  107  8:24  Siege Tank  
  107  8:25  SCV x2  
  107  8:39  Marine x2, Marauder x2  

Tags
 
Add a new tag
Caveats
  • Supply blocks, unpowered buildings, or Contaminate may cause inaccurate times.
  • Supply counts are checked every 10 seconds.